General information
- name: BNet
- type: Ladder team game (AT/RT)
- host: Battle.net
- saver: CRIT_AND_6
map: DragonFalls
- players: 8
- length: 116:58
- speed: Fast
- version: 1.23 W3XP
- replay type: Public
» download(509 KB)
Players
team 1 (loser)
RoSSaReventoN (
teal | 43 APM | 1965 actions | 45:58)
10 Priestess of the Moon
3 Searing Arrows
3 Trueshot Aura
1 Starfall
3 Scout
» actions
| Assign group hotkey | 62 | |
| Basic commands | 1 | |
| Build / train | 109 | |
| Enter build submenu | 12 | |
| Enter hero's abilities submenu | 10 | |
| Give item / drop item | 3 | |
| Remove unit from queue | 2 | |
| Right click | 412 | |
| Select / deselect | 676 | |
| Select group hotkey | 638 | |
| Use ability | 40 | |
1965 total
» units
» upgrades
| Ultravision | 1 | |
| Strength of the Wild | 3 | |
| Reinforced Hides | 3 | |
| Abolish Magic | 1 | |
| Well Spring | 1 | |
9 total
» buildings
| Moon Well | 6 | |
| Altar of Elders | 1 | |
| Hunter's Hall | 1 | |
| Tree of Ages | 1 | |
| Ancient of Lore | 2 | |
| Tree of Eternity | 1 | |
| Tree of Life | 2 | |
14 total
» build order
00:11 Moon Well
00:16 Altar of Elders
01:14 Hunter's Hall
02:14 Tree of Ages
02:39 Moon Well
03:00 Moon Well
03:07 Moon Well
04:39 Ancient of Lore
04:43 Ancient of Lore
05:01 Tree of Eternity
07:00 Tree of Life
12:57 Tree of Life
16:00 Moon Well
16:14 Moon Well
» items
| Scroll of Town Portal | 2 | |
| Potion of Lesser Invulnerability | 1 | |
| Scroll of Protection | 1 | |
4 total

»
CRIT_AND_5 (
pink | 32 APM | 3745 actions | 116:55)
5 Beastmaster
3 Summon Quilbeast
2 Summon Hawk
3 Dark Ranger
2 Silence
1 Life Drain
» actions
| Assign group hotkey | 27 | |
| Basic commands | 118 | |
| Build / train | 148 | |
| Enter build submenu | 83 | |
| Enter hero's abilities submenu | 10 | |
| Give item / drop item | 6 | |
| Remove unit from queue | 9 | |
| Right click | 1866 | |
| Select / deselect | 821 | |
| Select group hotkey | 421 | |
| Use ability | 235 | |
3745 total
» units
| Acolyte | 38 | |
| Ghoul | 11 | |
| Meatwagon | 9 | |
| Obsidian Statue | 1 | |
| Frost Wyrm | 6 | |
| Goblin Zeppelin | 2 | |
67 total
» upgrades
| Exhume Corpses | 1 | |
| Ghoul Frenzy | 1 | |
| Creature Attack | 3 | |
| Unholy Strength | 3 | |
| Creature Carapace | 4 | |
| Freezing Breath | 1 | |
13 total
» buildings
| Graveyard | 2 | |
| Ziggurat | 111 | |
| Crypt | 1 | |
| Tomb of Relics | 1 | |
| Altar of Darkness | 2 | |
| Nerubian Tower | 9 | |
| Spirit Tower | 34 | |
| Halls of the Dead | 1 | |
| Slaughterhouse | 2 | |
| Black Citadel | 1 | |
| Sacrificial Pit | 3 | |
| Boneyard | 9 | |
176 total
» build order
00:29 Graveyard
00:33 Ziggurat
00:49 Crypt
00:59 Tomb of Relics
01:13 Ziggurat
01:34 Altar of Darkness
01:39 Nerubian Tower
02:58 Ziggurat
03:27 Ziggurat
04:06 Spirit Tower
04:14 Ziggurat
04:23 Ziggurat
04:28 Halls of the Dead
05:13 Spirit Tower
05:41 Spirit Tower
07:27 Ziggurat
07:29 Ziggurat
07:32 Ziggurat
07:35 Ziggurat
07:38 Ziggurat
08:15 Slaughterhouse
08:17 Slaughterhouse
09:04 Ziggurat
09:06 Ziggurat
09:14 Ziggurat
09:15 Ziggurat
09:18 Ziggurat
10:20 Spirit Tower
10:34 Ziggurat
10:37 Ziggurat
11:10 Nerubian Tower
11:27 Spirit Tower
11:29 Ziggurat
11:30 Nerubian Tower
11:34 Ziggurat
12:20 Ziggurat
12:22 Ziggurat
12:23 Ziggurat
12:25 Ziggurat
12:27 Ziggurat
12:29 Spirit Tower
12:52 Ziggurat
12:54 Ziggurat
12:55 Ziggurat
12:58 Ziggurat
12:59 Ziggurat
13:00 Ziggurat
13:17 Ziggurat
13:23 Black Citadel
13:35 Spirit Tower
13:40 Ziggurat
14:01 Spirit Tower
14:04 Spirit Tower
14:08 Nerubian Tower
14:10 Spirit Tower
14:20 Spirit Tower
14:34 Spirit Tower
14:36 Spirit Tower
14:45 Ziggurat
14:47 Ziggurat
14:48 Ziggurat
14:50 Ziggurat
14:56 Ziggurat
14:58 Ziggurat
15:51 Spirit Tower
15:59 Ziggurat
16:01 Ziggurat
16:01 Ziggurat
16:21 Ziggurat
16:22 Ziggurat
16:22 Ziggurat
16:24 Ziggurat
16:25 Ziggurat
16:47 Ziggurat
16:50 Ziggurat
16:57 Spirit Tower
17:00 Nerubian Tower
17:18 Spirit Tower
17:26 Spirit Tower
17:32 Spirit Tower
18:13 Ziggurat
18:14 Ziggurat
18:16 Ziggurat
18:17 Ziggurat
18:43 Spirit Tower
19:03 Ziggurat
19:05 Ziggurat
19:06 Ziggurat
19:08 Ziggurat
19:12 Spirit Tower
19:14 Spirit Tower
19:22 Spirit Tower
20:23 Spirit Tower
20:51 Sacrificial Pit
21:27 Ziggurat
21:29 Ziggurat
21:30 Ziggurat
21:32 Ziggurat
21:35 Ziggurat
21:35 Ziggurat
21:37 Ziggurat
21:38 Ziggurat
22:34 Spirit Tower
22:36 Nerubian Tower
22:46 Spirit Tower
22:58 Ziggurat
23:00 Ziggurat
23:01 Ziggurat
23:04 Ziggurat
23:05 Ziggurat
23:20 Ziggurat
23:45 Ziggurat
23:47 Ziggurat
23:48 Ziggurat
23:50 Ziggurat
23:51 Ziggurat
24:49 Spirit Tower
24:54 Spirit Tower
26:41 Graveyard
27:03 Ziggurat
27:04 Ziggurat
27:05 Ziggurat
27:06 Ziggurat
27:08 Ziggurat
27:09 Ziggurat
28:05 Spirit Tower
28:08 Nerubian Tower
30:16 Spirit Tower
30:17 Spirit Tower
34:05 Ziggurat
34:06 Ziggurat
34:07 Ziggurat
34:10 Ziggurat
34:11 Ziggurat
34:13 Ziggurat
34:14 Ziggurat
34:15 Ziggurat
34:17 Ziggurat
34:18 Ziggurat
34:21 Ziggurat
34:34 Ziggurat
34:35 Ziggurat
34:37 Ziggurat
34:39 Ziggurat
34:40 Ziggurat
35:12 Spirit Tower
35:48 Nerubian Tower
35:50 Spirit Tower
36:11 Ziggurat
36:12 Ziggurat
36:13 Ziggurat
36:14 Ziggurat
36:17 Ziggurat
36:18 Ziggurat
36:19 Ziggurat
36:21 Ziggurat
37:40 Nerubian Tower
37:44 Spirit Tower
41:58 Ziggurat
42:00 Ziggurat
42:01 Ziggurat
43:13 Spirit Tower
46:49 Boneyard
46:50 Boneyard
46:52 Boneyard
64:31 Sacrificial Pit
66:15 Sacrificial Pit
67:31 Boneyard
67:32 Boneyard
67:34 Boneyard
67:40 Boneyard
72:46 Boneyard
72:49 Boneyard
72:55 Ziggurat
74:37 Ziggurat
91:18 Altar of Darkness
» items

»
The_MClovin (
blue | 40 APM | 1478 actions | 36:42)
3 Crypt Lord
2 Spiked Carapace
1 Impale
» actions
| Basic commands | 11 | |
| Build / train | 53 | |
| Enter build submenu | 22 | |
| Enter hero's abilities submenu | 3 | |
| Remove unit from queue | 1 | |
| Right click | 969 | |
| Select / deselect | 376 | |
| Use ability | 43 | |
1478 total
» units
| Acolyte | 12 | |
| Ghoul | 6 | |
| Crypt Fiend | 13 | |
31 total
» upgrades
| Creature Attack | 3 | |
| Creature Carapace | 3 | |
| Burrow | 1 | |
| Web | 1 | |
| Skeletal Longevity | 1 | |
| Skeletal Mastery | 1 | |
| Necromancer Training | 2 | |
| Disease Cloud | 1 | |
13 total
» buildings
| Altar of Darkness | 2 | |
| Ziggurat | 7 | |
| Crypt | 2 | |
| Graveyard | 2 | |
| Halls of the Dead | 1 | |
| Tomb of Relics | 1 | |
| Temple of the Damned | 1 | |
| Slaughterhouse | 1 | |
| Black Citadel | 1 | |
| Necropolis | 1 | |
19 total
» build order
00:15 Altar of Darkness
00:27 Ziggurat
00:41 Crypt
01:24 Graveyard
01:40 Crypt
02:16 Ziggurat
02:52 Graveyard
03:30 Ziggurat
05:43 Ziggurat
08:29 Halls of the Dead
08:34 Ziggurat
08:53 Tomb of Relics
11:28 Temple of the Damned
11:30 Slaughterhouse
11:35 Ziggurat
13:08 Black Citadel
30:03 Necropolis
30:36 Ziggurat
30:40 Altar of Darkness
» items
| Scroll of Healing | 1 | |
| Potion of Mana | 1 | |
| Rod of Necromancy | 1 | |
3 total
1stBlackNinja (
orange | 22 APM | 2531 actions | 116:55)
5 Archmage
3 Summon Water Elemental
2 Brilliance Aura
10 Paladin
3 Holy Light
3 Divine Shield
1 Resurrection
3 Devotion Aura
» actions
| Assign group hotkey | 18 | |
| Basic commands | 2 | |
| Build / train | 58 | |
| Enter build submenu | 18 | |
| Enter hero's abilities submenu | 16 | |
| Right click | 974 | |
| Select / deselect | 382 | |
| Select group hotkey | 956 | |
| Use ability | 107 | |
2531 total
» units
| Peasant | 10 | |
| Footman | 8 | |
| Gryphon Rider | 5 | |
| Siege Engine | 6 | |
29 total
» upgrades
| Lumber Harvesting | 2 | |
| Animal War Training | 1 | |
| Storm Hammers | 1 | |
| Swords | 1 | |
| Gunpowder | 1 | |
| Barrage | 1 | |
7 total
» buildings
| Altar of Kings | 1 | |
| Farm | 14 | |
| Scout Tower | 9 | |
| Lumber Mill | 1 | |
| Barracks | 1 | |
| Guard Tower | 3 | |
| Keep | 1 | |
| Blacksmith | 1 | |
| Castle | 1 | |
| Gryphon Aviary | 2 | |
| Workshop | 3 | |
37 total
» build order
00:04 Altar of Kings
00:33 Farm
00:37 Farm
01:21 Scout Tower
01:23 Scout Tower
02:25 Lumber Mill
02:32 Scout Tower
02:34 Scout Tower
03:19 Barracks
03:34 Scout Tower
03:38 Scout Tower
03:40 Scout Tower
03:42 Scout Tower
03:44 Scout Tower
04:22 Guard Tower
04:39 Farm
04:53 Farm
05:08 Guard Tower
05:45 Guard Tower
06:03 Farm
06:04 Farm
06:06 Farm
06:08 Farm
06:09 Farm
06:11 Farm
06:12 Farm
07:26 Keep
07:42 Blacksmith
11:14 Castle
11:26 Gryphon Aviary
11:27 Gryphon Aviary
13:27 Workshop
13:29 Workshop
14:32 Workshop
18:01 Farm
18:03 Farm
18:05 Farm
team 2 (winner)
CRIT_AND_6 (
yellow | 55 APM | 6445 actions | 116:58)
7 Paladin
3 Divine Shield
2 Holy Light
1 Resurrection
1 Devotion Aura
» actions
| Assign group hotkey | 12 | |
| Basic commands | 723 | |
| Build / train | 224 | |
| ESC pressed | 62 | |
| Enter build submenu | 358 | |
| Enter hero's abilities submenu | 7 | |
| Give item / drop item | 12 | |
| Right click | 2382 | |
| Select / deselect | 1176 | |
| Select group hotkey | 710 | |
| Use ability | 779 | |
6445 total
» units
| Peasant | 34 | |
| Goblin Shredder | 2 | |
| Dragonhawk Rider | 1 | |
| Green Dragon | 3 | |
| Thunder Lizard | 5 | |
| Satyr Shadowdancer | 2 | |
| Furbolg Shaman | 2 | |
| Gryphon Rider | 1 | |
50 total
» upgrades
| Masonry | 3 | |
| Lumber Harvesting | 2 | |
| Swords | 2 | |
| Storm Hammers | 1 | |
8 total
» buildings
| Farm | 11 | |
| Lumber Mill | 1 | |
| Scout Tower | 384 | |
| Altar of Kings | 1 | |
| Guard Tower | 89 | |
| Arcane Tower | 2 | |
| Town Hall | 4 | |
| Keep | 5 | |
| Arcane Vault | 1 | |
| Blacksmith | 1 | |
| Gryphon Aviary | 2 | |
| Castle | 3 | |
| Workshop | 1 | |
| Barracks | 1 | |
| Cannon Tower | 27 | |
533 total
» build order
00:39 Farm
00:46 Lumber Mill
00:55 Scout Tower
00:58 Scout Tower
01:09 Scout Tower
01:33 Scout Tower
01:36 Scout Tower
01:43 Scout Tower
01:45 Scout Tower
01:49 Scout Tower
02:18 Altar of Kings
02:34 Guard Tower
02:34 Guard Tower
02:49 Guard Tower
02:50 Guard Tower
02:53 Scout Tower
03:00 Guard Tower
03:01 Guard Tower
03:06 Guard Tower
03:06 Guard Tower
03:12 Scout Tower
03:24 Farm
03:33 Scout Tower
03:36 Arcane Tower
03:40 Guard Tower
03:40 Guard Tower
03:51 Scout Tower
03:54 Guard Tower
03:55 Guard Tower
03:58 Scout Tower
04:01 Guard Tower
04:01 Guard Tower
04:30 Guard Tower
04:31 Guard Tower
04:54 Farm
05:03 Guard Tower
05:05 Scout Tower
05:09 Scout Tower
05:10 Scout Tower
05:30 Farm
05:49 Town Hall
05:59 Guard Tower
06:44 Scout Tower
07:11 Guard Tower
07:11 Guard Tower
07:20 Guard Tower
07:20 Guard Tower
07:21 Scout Tower
07:32 Scout Tower
07:39 Guard Tower
07:39 Guard Tower
07:40 Guard Tower
07:47 Scout Tower
07:49 Guard Tower
07:49 Guard Tower
08:03 Scout Tower
08:04 Guard Tower
08:04 Guard Tower
08:05 Guard Tower
08:07 Guard Tower
08:21 Scout Tower
08:22 Guard Tower
08:22 Guard Tower
08:30 Scout Tower
08:32 Guard Tower
08:39 Scout Tower
08:40 Scout Tower
08:43 Scout Tower
10:02 Guard Tower
10:06 Guard Tower
10:06 Guard Tower
10:08 Scout Tower
10:17 Scout Tower
10:19 Guard Tower
10:21 Scout Tower
10:22 Keep
10:22 Keep
10:22 Keep
10:57 Arcane Vault
11:04 Scout Tower
11:07 Scout Tower
11:08 Scout Tower
11:09 Scout Tower
11:13 Scout Tower
11:16 Scout Tower
11:18 Guard Tower
11:23 Scout Tower
11:24 Guard Tower
11:24 Guard Tower
11:31 Scout Tower
11:32 Guard Tower
11:32 Guard Tower
11:35 Scout Tower
11:37 Guard Tower
11:37 Guard Tower
11:41 Scout Tower
11:42 Scout Tower
11:42 Scout Tower
11:42 Scout Tower
11:43 Scout Tower
11:44 Scout Tower
11:44 Scout Tower
11:45 Scout Tower
11:49 Scout Tower
11:50 Scout Tower
11:53 Scout Tower
11:54 Scout Tower
11:55 Scout Tower
11:55 Scout Tower
11:59 Scout Tower
12:00 Scout Tower
12:00 Scout Tower
12:01 Scout Tower
12:01 Scout Tower
12:02 Scout Tower
12:03 Scout Tower
12:08 Scout Tower
12:09 Scout Tower
12:09 Scout Tower
12:10 Scout Tower
12:10 Scout Tower
12:11 Scout Tower
12:11 Scout Tower
12:19 Scout Tower
12:20 Scout Tower
12:31 Scout Tower
12:32 Guard Tower
12:32 Guard Tower
12:37 Scout Tower
12:38 Guard Tower
12:42 Scout Tower
12:43 Scout Tower
12:44 Scout Tower
12:52 Guard Tower
12:52 Guard Tower
13:02 Blacksmith
13:17 Gryphon Aviary
13:30 Guard Tower
13:45 Guard Tower
13:45 Guard Tower
13:56 Guard Tower
13:57 Guard Tower
14:28 Scout Tower
14:35 Castle
14:35 Castle
14:38 Gryphon Aviary
15:06 Guard Tower
15:36 Guard Tower
15:37 Guard Tower
15:37 Guard Tower
16:08 Scout Tower
16:12 Farm
16:15 Farm
16:15 Farm
16:15 Farm
16:16 Farm
16:16 Farm
16:27 Guard Tower
16:27 Guard Tower
16:28 Guard Tower
16:43 Scout Tower
17:13 Guard Tower
19:04 Scout Tower
19:05 Guard Tower
19:06 Guard Tower
19:30 Workshop
19:33 Scout Tower
19:36 Scout Tower
19:37 Guard Tower
19:42 Guard Tower
19:45 Scout Tower
19:46 Scout Tower
19:47 Scout Tower
19:48 Scout Tower
19:49 Scout Tower
19:50 Scout Tower
20:06 Scout Tower
20:08 Scout Tower
20:10 Scout Tower
20:10 Scout Tower
20:11 Scout Tower
20:11 Scout Tower
20:12 Scout Tower
20:15 Guard Tower
20:26 Barracks
20:28 Scout Tower
20:28 Scout Tower
20:30 Scout Tower
20:31 Scout Tower
22:07 Scout Tower
22:09 Scout Tower
22:10 Scout Tower
22:11 Scout Tower
22:13 Scout Tower
22:13 Scout Tower
22:24 Scout Tower
22:25 Cannon Tower
22:25 Cannon Tower
22:25 Cannon Tower
24:10 Cannon Tower
24:11 Cannon Tower
24:11 Cannon Tower
24:13 Cannon Tower
24:14 Cannon Tower
24:14 Cannon Tower
24:59 Cannon Tower
24:59 Cannon Tower
25:47 Scout Tower
25:48 Guard Tower
25:59 Scout Tower
26:01 Scout Tower
26:02 Scout Tower
27:27 Cannon Tower
27:27 Cannon Tower
27:31 Scout Tower
27:32 Scout Tower
27:33 Scout Tower
27:35 Scout Tower
27:36 Scout Tower
27:37 Scout Tower
27:38 Scout Tower
27:38 Scout Tower
29:10 Guard Tower
29:11 Cannon Tower
29:11 Cannon Tower
29:14 Scout Tower
29:16 Scout Tower
29:18 Scout Tower
29:18 Scout Tower
30:00 Scout Tower
30:12 Cannon Tower
30:12 Cannon Tower
31:21 Cannon Tower
31:21 Cannon Tower
34:18 Town Hall
38:12 Scout Tower
38:15 Scout Tower
38:16 Scout Tower
38:17 Scout Tower
40:11 Cannon Tower
40:21 Town Hall
41:08 Town Hall
44:17 Guard Tower
46:05 Cannon Tower
46:06 Cannon Tower
49:14 Scout Tower
49:15 Scout Tower
49:18 Scout Tower
49:19 Scout Tower
49:20 Scout Tower
49:21 Scout Tower
49:22 Scout Tower
49:22 Scout Tower
49:27 Scout Tower
49:29 Scout Tower
49:31 Scout Tower
49:32 Scout Tower
49:33 Scout Tower
49:35 Scout Tower
49:36 Scout Tower
49:36 Scout Tower
49:38 Scout Tower
49:39 Scout Tower
50:07 Scout Tower
50:08 Scout Tower
50:10 Scout Tower
50:12 Scout Tower
50:13 Scout Tower
50:14 Scout Tower
50:14 Scout Tower
50:15 Scout Tower
50:17 Scout Tower
50:18 Scout Tower
50:19 Scout Tower
50:21 Scout Tower
50:48 Scout Tower
50:50 Scout Tower
50:54 Scout Tower
50:55 Scout Tower
51:00 Scout Tower
51:02 Scout Tower
51:05 Scout Tower
51:09 Scout Tower
51:11 Scout Tower
51:13 Scout Tower
51:15 Scout Tower
51:18 Scout Tower
51:21 Scout Tower
51:22 Scout Tower
51:24 Scout Tower
51:25 Scout Tower
51:40 Scout Tower
51:43 Scout Tower
51:46 Scout Tower
51:48 Scout Tower
51:50 Scout Tower
51:54 Scout Tower
51:56 Scout Tower
51:57 Scout Tower
51:58 Scout Tower
52:00 Scout Tower
52:03 Scout Tower
52:05 Scout Tower
52:06 Scout Tower
52:09 Scout Tower
52:25 Scout Tower
52:30 Scout Tower
52:31 Scout Tower
52:34 Scout Tower
52:36 Scout Tower
52:37 Scout Tower
52:39 Scout Tower
52:41 Scout Tower
52:42 Scout Tower
52:45 Scout Tower
52:47 Scout Tower
52:48 Scout Tower
52:50 Scout Tower
52:51 Scout Tower
52:52 Scout Tower
52:54 Scout Tower
52:55 Scout Tower
53:00 Scout Tower
53:01 Scout Tower
53:03 Scout Tower
53:05 Scout Tower
53:08 Scout Tower
53:09 Scout Tower
53:12 Scout Tower
53:13 Scout Tower
53:15 Scout Tower
53:17 Scout Tower
53:18 Scout Tower
53:20 Scout Tower
53:21 Scout Tower
53:23 Scout Tower
53:24 Scout Tower
53:26 Scout Tower
53:27 Scout Tower
53:29 Scout Tower
53:37 Scout Tower
53:39 Scout Tower
53:40 Scout Tower
53:41 Scout Tower
53:43 Scout Tower
53:46 Scout Tower
53:53 Scout Tower
53:55 Scout Tower
54:23 Scout Tower
54:24 Scout Tower
54:26 Scout Tower
54:27 Scout Tower
54:28 Scout Tower
54:41 Scout Tower
54:44 Scout Tower
54:46 Scout Tower
54:49 Scout Tower
54:51 Scout Tower
54:53 Scout Tower
54:54 Scout Tower
54:55 Scout Tower
54:56 Scout Tower
54:58 Scout Tower
55:01 Scout Tower
55:02 Scout Tower
55:04 Scout Tower
55:06 Scout Tower
55:27 Scout Tower
55:32 Scout Tower
55:34 Scout Tower
55:35 Scout Tower
55:36 Scout Tower
55:37 Scout Tower
55:38 Scout Tower
55:40 Scout Tower
55:45 Scout Tower
55:46 Scout Tower
55:54 Scout Tower
55:57 Scout Tower
55:58 Scout Tower
56:01 Scout Tower
56:02 Scout Tower
56:04 Scout Tower
56:06 Scout Tower
56:13 Scout Tower
56:17 Scout Tower
56:19 Scout Tower
56:23 Scout Tower
56:24 Scout Tower
56:25 Scout Tower
56:32 Scout Tower
56:35 Scout Tower
56:36 Scout Tower
56:36 Scout Tower
56:53 Scout Tower
56:57 Scout Tower
57:19 Scout Tower
57:25 Scout Tower
57:26 Scout Tower
57:28 Scout Tower
57:29 Scout Tower
57:30 Scout Tower
57:32 Scout Tower
57:33 Scout Tower
57:36 Scout Tower
57:38 Scout Tower
57:39 Scout Tower
57:41 Scout Tower
57:42 Scout Tower
57:45 Scout Tower
57:46 Scout Tower
57:50 Scout Tower
57:54 Scout Tower
57:57 Scout Tower
58:10 Scout Tower
58:12 Scout Tower
58:12 Scout Tower
58:14 Scout Tower
58:17 Scout Tower
58:18 Scout Tower
58:20 Scout Tower
58:22 Scout Tower
58:25 Scout Tower
58:27 Scout Tower
58:28 Scout Tower
58:29 Scout Tower
58:31 Scout Tower
58:31 Scout Tower
58:33 Scout Tower
58:35 Scout Tower
58:39 Scout Tower
58:41 Scout Tower
58:43 Scout Tower
58:46 Scout Tower
58:48 Scout Tower
58:50 Scout Tower
58:53 Scout Tower
58:54 Scout Tower
59:00 Scout Tower
59:02 Scout Tower
59:04 Scout Tower
59:06 Scout Tower
59:07 Scout Tower
59:08 Scout Tower
59:10 Scout Tower
59:20 Scout Tower
59:25 Scout Tower
59:26 Scout Tower
59:29 Scout Tower
59:30 Scout Tower
60:16 Scout Tower
60:18 Scout Tower
60:18 Scout Tower
60:19 Scout Tower
60:19 Scout Tower
60:21 Scout Tower
60:23 Scout Tower
60:24 Scout Tower
60:34 Scout Tower
60:36 Scout Tower
60:36 Scout Tower
60:36 Scout Tower
60:38 Scout Tower
60:41 Scout Tower
60:42 Scout Tower
60:42 Scout Tower
60:48 Scout Tower
60:50 Scout Tower
60:52 Scout Tower
60:55 Scout Tower
60:59 Scout Tower
61:03 Scout Tower
61:05 Scout Tower
61:16 Scout Tower
61:18 Scout Tower
61:21 Scout Tower
61:23 Scout Tower
61:24 Scout Tower
61:28 Scout Tower
61:37 Scout Tower
61:41 Scout Tower
61:42 Scout Tower
61:46 Scout Tower
61:48 Scout Tower
62:03 Scout Tower
62:22 Scout Tower
62:39 Scout Tower
62:40 Scout Tower
63:11 Scout Tower
65:19 Scout Tower
65:22 Scout Tower
65:30 Scout Tower
65:33 Scout Tower
65:35 Scout Tower
65:38 Scout Tower
65:40 Scout Tower
65:41 Scout Tower
65:42 Scout Tower
65:46 Scout Tower
65:47 Scout Tower
67:10 Scout Tower
67:33 Scout Tower
80:17 Scout Tower
89:43 Scout Tower
» items
| Staff of Teleportation | 1 | |
| Boots of Speed | 1 | |
| Circlet of Nobility | 1 | |
| Potion of Invisibility | 3 | |
| Scroll of Regeneration | 4 | |
| Mechanical Critter | 4 | |
| Lesser Clarity Potion | 3 | |
| Orb of Lightning | 1 | |
| Scroll of Protection | 1 | |
| Scroll of Healing | 1 | |
| Potion of Healing | 1 | |
| Scroll of Town Portal | 3 | |
| Potion of Mana | 1 | |
25 total

»
Secare (
red | 64 APM | 3397 actions | 52:41)
8 Archmage
3 Summon Water Elemental
3 Brilliance Aura
1 Mass Teleport
1 Blizzard
3 Mountain King
1 Thunder Clap
2 Storm Bolt
4 Paladin
2 Divine Shield
2 Holy Light
» actions
| Assign group hotkey | 88 | |
| Basic commands | 127 | |
| Build / train | 122 | |
| ESC pressed | 6 | |
| Enter build submenu | 29 | |
| Enter hero's abilities submenu | 15 | |
| Give item / drop item | 1 | |
| Right click | 1210 | |
| Select / deselect | 631 | |
| Select group hotkey | 1005 | |
| Use ability | 163 | |
3397 total
» units
| Peasant | 20 | |
| Footman | 9 | |
| Knight | 9 | |
| Priest | 9 | |
| Siege Engine | 13 | |
| Mortar Team | 11 | |
| Flying Machine | 1 | |
| Green Dragon | 1 | |
| Green Drake | 1 | |
| Green Dragon Whelp | 2 | |
76 total
» upgrades
| Priest Training | 2 | |
| Animal War Training | 1 | |
| Plating | 3 | |
| Swords | 2 | |
| Lumber Harvesting | 2 | |
| Masonry | 2 | |
| Gunpowder | 2 | |
| Barrage | 1 | |
| Flare | 2 | |
| Fragmentation Shards | 1 | |
| Flak Cannons | 1 | |
19 total
» buildings
| Altar of Kings | 2 | |
| Farm | 13 | |
| Barracks | 2 | |
| Lumber Mill | 1 | |
| Town Hall | 4 | |
| Arcane Vault | 1 | |
| Keep | 1 | |
| Blacksmith | 1 | |
| Castle | 1 | |
| Arcane Sanctum | 1 | |
| Workshop | 2 | |
| Scout Tower | 1 | |
30 total
» build order
00:17 Altar of Kings
00:21 Farm
01:27 Barracks
01:29 Farm
01:41 Lumber Mill
03:02 Farm
03:53 Farm
04:27 Town Hall
04:41 Farm
04:57 Arcane Vault
05:30 Farm
05:43 Keep
06:32 Farm
07:11 Blacksmith
07:19 Farm
08:08 Castle
08:38 Arcane Sanctum
09:07 Barracks
10:56 Farm
13:16 Farm
13:17 Farm
13:20 Farm
14:58 Farm
15:19 Workshop
15:26 Workshop
15:40 Town Hall
22:21 Town Hall
31:57 Town Hall
45:54 Altar of Kings
45:57 Scout Tower
» items
| Scroll of Regeneration | 4 | |
| Lesser Clarity Potion | 1 | |
| Potion of Healing | 1 | |
| Scroll of Town Portal | 1 | |
7 total
rythjyrtjrey (
green | 24 APM | 1915 actions | 80:47)
8 Death Knight
3 Death Coil
3 Unholy Aura
1 Animate Dead
1 Death Pact
7 Lich
3 Frost Nova
2 Frost Armor
1 Dark Ritual
1 Death and Decay
» actions
| Assign group hotkey | 46 | |
| Basic commands | 12 | |
| Build / train | 114 | |
| Enter build submenu | 24 | |
| Enter hero's abilities submenu | 15 | |
| Give item / drop item | 1 | |
| Right click | 912 | |
| Select / deselect | 425 | |
| Select group hotkey | 245 | |
| Use ability | 119 | |
1915 total
» units
| Acolyte | 7 | |
| Ghoul | 4 | |
| Crypt Fiend | 13 | |
| Gargoyle | 11 | |
| Frost Wyrm | 7 | |
| Meatwagon | 4 | |
| Necromancer | 9 | |
55 total
» upgrades
| Web | 1 | |
| Creature Carapace | 3 | |
| Creature Attack | 3 | |
| Freezing Breath | 1 | |
| Burrow | 1 | |
| Unholy Strength | 2 | |
| Unholy Armor | 1 | |
| Exhume Corpses | 1 | |
| Necromancer Training | 2 | |
| Skeletal Mastery | 1 | |
| Skeletal Longevity | 1 | |
17 total
» buildings
| Crypt | 1 | |
| Graveyard | 1 | |
| Ziggurat | 11 | |
| Altar of Darkness | 2 | |
| Nerubian Tower | 4 | |
| Tomb of Relics | 1 | |
| Spirit Tower | 1 | |
| Halls of the Dead | 1 | |
| Black Citadel | 1 | |
| Sacrificial Pit | 1 | |
| Boneyard | 1 | |
| Temple of the Damned | 1 | |
| Slaughterhouse | 1 | |
27 total
» build order
00:13 Crypt
00:18 Graveyard
00:26 Ziggurat
01:27 Altar of Darkness
01:33 Nerubian Tower
01:50 Tomb of Relics
02:15 Ziggurat
03:11 Spirit Tower
04:32 Halls of the Dead
06:08 Ziggurat
07:53 Black Citadel
09:12 Sacrificial Pit
10:51 Ziggurat
10:52 Ziggurat
13:27 Boneyard
14:47 Ziggurat
14:49 Ziggurat
14:51 Ziggurat
15:49 Nerubian Tower
15:52 Nerubian Tower
15:54 Nerubian Tower
28:24 Temple of the Damned
29:16 Slaughterhouse
51:10 Altar of Darkness
54:42 Ziggurat
59:41 Ziggurat
60:14 Ziggurat
» items
| Rod of Necromancy | 2 | |
| Scroll of Town Portal | 7 | |
| Orb of Corruption | 1 | |
| Potion of Lesser Invulnerability | 3 | |
| Periapt of Vitality | 1 | |
| Circlet of Nobility | 1 | |
| Boots of Speed | 3 | |
18 total

»
winless (
purple | 38 APM | 4410 actions | 116:55)
9 Far Seer
3 Feral Spirit
3 Chain Lighting
1 Earth Quake
2 Far Sight
7 Shadow Hunter
2 Hex
1 Healing Wave
3 Serpent Ward
1 Big Bad Voodoo
» actions
| Assign group hotkey | 45 | |
| Basic commands | 329 | |
| Build / train | 82 | |
| Enter build submenu | 34 | |
| Enter hero's abilities submenu | 17 | |
| Give item / drop item | 6 | |
| Remove unit from queue | 4 | |
| Right click | 1387 | |
| Select / deselect | 709 | |
| Select group hotkey | 1558 | |
| Use ability | 239 | |
4410 total
» units
| Peon | 10 | |
| Grunt | 6 | |
| Shaman | 7 | |
| Tauren | 10 | |
33 total
» upgrades
| Berserker Strength | 1 | |
| Shaman Training | 2 | |
| Armor | 3 | |
| Pulverize | 1 | |
| Melee Weapons | 3 | |
| Reinforced Defenses | 1 | |
11 total
» buildings
| Altar of Storms | 2 | |
| Orc Burrow | 18 | |
| Barracks | 1 | |
| Voodoo Lounge | 1 | |
| Stronghold | 1 | |
| Spirit Lodge | 2 | |
| Fortress | 1 | |
| War Mill | 1 | |
| Tauren Totem | 1 | |
| Great Hall | 3 | |
| Arcane Tower | 1 | |
32 total
» build order
00:10 Altar of Storms
00:21 Orc Burrow
00:50 Barracks
01:59 Orc Burrow
02:10 Voodoo Lounge
03:54 Stronghold
04:11 Orc Burrow
06:32 Spirit Lodge
07:33 Fortress
07:56 War Mill
08:51 Orc Burrow
09:10 Spirit Lodge
10:10 Tauren Totem
13:47 Orc Burrow
13:50 Orc Burrow
18:07 Orc Burrow
18:07 Orc Burrow
19:45 Orc Burrow
24:59 Great Hall
28:50 Great Hall
49:30 Orc Burrow
49:33 Orc Burrow
49:48 Great Hall
50:54 Orc Burrow
50:56 Orc Burrow
51:02 Orc Burrow
51:27 Orc Burrow
51:34 Orc Burrow
71:02 Orc Burrow
78:21 Orc Burrow
84:47 Arcane Tower
92:56 Altar of Storms
» items
| Healing Salve | 3 | |
| Orb of Lightning | 1 | |
| Scroll of Town Portal | 3 | |
| Scroll of Protection | 1 | |
| Lesser Clarity Potion | 2 | |
| Staff of Teleportation | 1 | |
| Boots of Speed | 1 | |
| Orb of Fire | 1 | |
| Scroll of Regeneration | 1 | |
14 total
Chat log
(00:18 / All) CRIT_AND_6: hi... from?
(00:23 / All) CRIT_AND_5: me ger
(00:25 / All) CRIT_AND_5: xD!
(00:31 / All) CRIT_AND_6: me BR
(00:35 / All) CRIT_AND_6: eahuahuahaHUAHAUH
(00:37 / All) CRIT_AND_5: eaueHUEhuaheUHAeuAHe
(00:57 / All) Secare: i just busted my finger open and its leaking a clear liquid....
(01:06 / All) CRIT_AND_5: suck it
(01:10 / All) CRIT_AND_6: indeed.
(01:12 / Allies) rythjyrtjrey: wht r u doin yellow?
(01:13 / All) winless: this is the day u realise you arent human
(01:16 / All) Secare: what if its aids
(01:28 / All) CRIT_AND_5: then its already in you so it doesnt matter does it
(01:29 / Allies) CRIT_AND_6: they are gonna rush
(01:33 / All) Secare: good point
(01:49 / Allies) winless: ty yello
(01:51 / Allies) CRIT_AND_6: np
(01:59 / All) CRIT_AND_5: what hero should i get 6
(02:00 / Allies) Secare: r u gonna make alter
(02:02 / Allies) CRIT_AND_6: yeah
(02:04 / Allies) CRIT_AND_6: getting pally
(02:21 / Allies) CRIT_AND_6: thx
(02:27 / 5) CRIT_AND_6: my allies
(02:29 / 5) CRIT_AND_6: are golding me
(02:32 / 5) CRIT_AND_6: to help tower lol
(02:43 / 4) CRIT_AND_5: what hero should i get
(02:46 / 5) CRIT_AND_6: pally
(02:48 / 4) CRIT_AND_5: i got undead btw lol
(02:51 / Allies) rythjyrtjrey: wht u doin yellow?
(02:55 / 5) CRIT_AND_6: ?
(02:58 / 5) CRIT_AND_6: tt
(03:00 / 4) CRIT_AND_5: i randomed undead
(03:01 / 4) CRIT_AND_5: zz
(03:15 / 4) CRIT_AND_5: what hero should i get
(03:20 / 5) CRIT_AND_6: hrm
(03:24 / Allies) winless: hey yel
(03:27 / 5) CRIT_AND_6: something to bs them
(03:29 / 5) CRIT_AND_6: dunno lol
(03:30 / Allies) winless: can u tech an arcane plz
(03:30 / 5) CRIT_AND_6: tavvie hero?
(03:33 / 5) CRIT_AND_6: sure
(03:36 / Allies) winless: for the tower
(03:37 / 4) CRIT_AND_5: yes thats what im asking
(03:44 / 4) CRIT_AND_5: which taVERN HERO SHOULD I GET
(03:45 / 5) CRIT_AND_6: beastmaster?
(03:47 / 5) CRIT_AND_6: lol
(03:49 / 5) CRIT_AND_6: i have no idea
(03:55 / All) CRIT_AND_5: ok i will get bm
(04:11 / 5) CRIT_AND_6: u cant really bs with ud though
(04:19 / 4) CRIT_AND_5: meatwagons
(04:22 / 5) CRIT_AND_6: LMAO
(05:30 / Allies) winless: ty
(05:32 / 5) CRIT_AND_6: ye
(06:54 / Allies) Secare: brt
(07:07 / Allies) CRIT_AND_6: can someone clear me that?
(07:09 / Allies) CRIT_AND_6: for a shreader?
(07:11 / All) The_MClovin: WTF?
(07:22 / All) CRIT_AND_5: dont try to steal my expo
(07:52 / 5) CRIT_AND_6: just make sure
(07:55 / 5) CRIT_AND_6: when ur about to do it
(07:57 / 5) CRIT_AND_6: have 3 tps
(08:00 / 5) CRIT_AND_6: to hall them all in a row
(08:23 / 4) CRIT_AND_5: my economy is damaged
(08:26 / 5) CRIT_AND_6: tt
(08:48 / 4) CRIT_AND_5: blue bsed my acos and zigs buulding cause i stopped him from expoing what i creeped
(08:58 / Allies) winless: omw
(09:01 / 5) CRIT_AND_6: ttt
(09:29 / Allies) rythjyrtjrey: comin
(09:53 / Allies) winless: lets hit
(09:58 / 5) CRIT_AND_6: we hitting top
(09:59 / Allies) winless: footies masta...
(10:07 / 4) CRIT_AND_5: im bottom
(10:13 / 5) CRIT_AND_6: i know i scanner sweeped you
(10:32 / Allies) winless: lol nm
(10:34 / 5) CRIT_AND_6: wtf is orange doing
(10:38 / Allies) Secare: wow
(10:45 / Allies) Secare: just wow.
(11:35 / Allies) Secare: blue mass fiends
(12:16 / Allies) winless: out
(12:25 / Allies) Secare: outin
(14:11 / Allies) Secare: nvm
(14:18 / 5) CRIT_AND_6: did you see what bue just did
(14:19 / 5) CRIT_AND_6: rofl
(14:21 / 5) CRIT_AND_6: such baddies
(14:30 / 4) CRIT_AND_5: missed it
(14:50 / 5) CRIT_AND_6: soo uhhh
(14:51 / 5) CRIT_AND_6: lol
(14:53 / 5) CRIT_AND_6: ive got like 30 towers
(14:55 / 5) CRIT_AND_6: in everyones bases
(14:57 / 5) CRIT_AND_6: this is gonnab e fun
(15:06 / Allies) Secare: im ready yo
(15:07 / 4) CRIT_AND_5: im making tower walls
(15:11 / 5) CRIT_AND_6: ;3
(15:14 / Allies) Secare: maybe we should hit bottom
(15:16 / 4) CRIT_AND_5: i got 3 mines atm
(15:23 / 5) CRIT_AND_6: maybe we sohuldnt bs yet
(15:26 / 5) CRIT_AND_6: just stock up
(15:30 / 5) CRIT_AND_6: and do it when we need to
(15:31 / Allies) rythjyrtjrey: meet
(15:38 / 4) CRIT_AND_5: dont wanna break upkeep
(15:41 / 5) CRIT_AND_6: same ;3
(15:48 / 5) CRIT_AND_6: im gonna start
(15:54 / 5) CRIT_AND_6: getting blues acos
(15:55 / 5) CRIT_AND_6: to level up
(16:18 / 5) CRIT_AND_6: we hitting botton
(16:28 / Allies) rythjyrtjrey: they here
(17:14 / Allies) Secare: pff
(17:56 / 5) CRIT_AND_6: we hitting blue
(18:02 / 4) CRIT_AND_5: i see that
(18:18 / 5) CRIT_AND_6: as long as you are protected
(18:21 / 5) CRIT_AND_6: i will bs them when need be
(18:22 / 5) CRIT_AND_6: not yet ofc
(18:51 / 5) CRIT_AND_6: masss towas
(18:58 / Allies) winless: IM OUT
(19:03 / Allies) Secare: dude
(19:55 / Allies) winless: wyrm
(20:00 / Allies) rythjyrtjrey: i c
(20:12 / 4) CRIT_AND_5: pink where the fuck is your army
(20:16 / 4) CRIT_AND_5: no where lol!
(20:20 / 5) CRIT_AND_6: xasxaa
(20:40 / 5) CRIT_AND_6: we hitting bottom again
(20:41 / 5) CRIT_AND_6: tt
(20:53 / 5) CRIT_AND_6: tp
(20:54 / Allies) Secare: get ready to my main
(20:56 / All) CRIT_AND_6: tp
(21:04 / Allies) rythjyrtjrey: to late
(21:08 / Allies) Secare: not my xp my main
(21:13 / All) The_MClovin: so gay yellow!
(21:19 / 4) CRIT_AND_5: i hope blue dies i want his gold
(21:30 / 5) CRIT_AND_6: you better have 50 towas
(21:40 / All) The_MClovin: pink is retard
(21:47 / All) CRIT_AND_5: :(
(21:52 / All) CRIT_AND_6: TOP TOP
(21:53 / All) CRIT_AND_6: TPO
(21:54 / All) CRIT_AND_6: TP
(22:06 / Allies) rythjyrtjrey: comin
(22:27 / All) CRIT_AND_5: LOL COW.
(22:36 / Allies) Secare: gegt dragon
(23:12 / Allies) rythjyrtjrey: get tp
(23:13 / All) The_MClovin: I got noting sorry
(23:23 / 4) CRIT_AND_5: lol
(23:26 / 4) CRIT_AND_5: askiung me for gold
(23:36 / 5) CRIT_AND_6: hd to buy the big dragon
(23:38 / 5) CRIT_AND_6: to deny them of it
(23:42 / 5) CRIT_AND_6: they areny actually that dumb
(23:45 / Allies) winless: wtf
(23:50 / Allies) winless: ...
(23:53 / Allies) Secare: \err\1
(24:37 / All) 1stBlackNinja: why pink
(24:47 / 5) CRIT_AND_6: u bsiing?
(24:50 / 4) CRIT_AND_5: no
(24:51 / 4) CRIT_AND_5: lol
(25:05 / All) RoSSaReventoN: pink why arent u playin?
(25:07 / 5) CRIT_AND_6: god 100 lumber per cacnnon
(25:09 / 5) CRIT_AND_6: so bad
(25:10 / Allies) rythjyrtjrey: im comin
(25:23 / All) CRIT_AND_6: GISH EAGLE EYE
(25:26 / Allies) rythjyrtjrey: out
(25:39 / Allies) rythjyrtjrey: bring them out
(25:53 / Allies) winless: wow outoutoutoutout
(25:59 / Allies) winless: wtf u guys
(26:07 / Allies) Secare: im fgine
(26:17 / Allies) winless: cause gryphs stooped...
(26:21 / Allies) Secare: yup
(26:26 / Allies) Secare: now im running
(26:27 / Allies) winless: idiot enemy
(26:59 / Allies) winless: stick with me!
(27:21 / Allies) rythjyrtjrey: omw
(28:18 / Allies) winless: lil gold plz
(28:20 / Allies) winless: for exp
(28:24 / Allies) Secare: i never got barage how embarrasing
(28:32 / Allies) winless: ty
(28:40 / All) CRIT_AND_5: i will share gold but you must pay back with intrest
(28:48 / All) The_MClovin: seriously I think that pink is otistic
(28:56 / All) CRIT_AND_5: autistic*
(28:57 / All) Secare: "autistic"
(28:58 / All) CRIT_AND_6: otistic blue says
(28:58 / All) CRIT_AND_5: lol.
(28:59 / All) Secare: lol
(29:00 / All) CRIT_AND_6: lol
(29:05 / All) CRIT_AND_5: hilarious
(29:16 / All) The_MClovin: he got 3 mines and masse tower but he doesn'T do anything for help us
(29:24 / All) CRIT_AND_5: gold will be shared but you must pay back 100 for every 300
(29:25 / All) Secare: yellow mass towered too and helped us
(29:41 / All) The_MClovin: autistic sorry (hoe)
(29:44 / All) CRIT_AND_5: im the fuckin banker
(29:52 / All) Secare: im sparticus
(29:57 / All) The_MClovin: so give us the money dude!
(30:16 / Allies) Secare: omg stupid ai
(30:23 / 5) CRIT_AND_6: lol..
(31:04 / 5) CRIT_AND_6: shit
(31:07 / 5) CRIT_AND_6: you need dr
(31:08 / 5) CRIT_AND_6: quick
(31:33 / 5) CRIT_AND_6: nvm lol
(31:36 / 5) CRIT_AND_6: soo many towahs
(32:02 / All) CRIT_AND_5: is this ffa?
(32:25 / All) CRIT_AND_5: nothing happened to my money
(32:28 / All) CRIT_AND_5: i got 7k
(32:42 / All) winless: u cant win though...
(33:09 / All) CRIT_AND_5: what does win mean
(33:10 / All) CRIT_AND_5: ??
(33:17 / All) CRIT_AND_6: hi from?
(33:19 / All) winless: when it say your victorious
(33:21 / All) CRIT_AND_5: me br
(33:24 / All) CRIT_AND_6: wtf just realizng
(33:25 / All) CRIT_AND_5: uheauehauhUAHEUheuaHUAEhau
(33:26 / All) CRIT_AND_6: bear_and
(33:27 / All) CRIT_AND_6: lol
(33:28 / All) CRIT_AND_6: heAUHAHUAH
(33:34 / All) CRIT_AND_5: eruaheauhUHAUEhaeuaheuahUHAEue
(33:39 / All) CRIT_AND_5: now you get it
(33:42 / All) CRIT_AND_6: indeed.
(33:45 / All) CRIT_AND_6: heauh
(33:55 / All) CRIT_AND_5: orignality is for suckers
(33:56 / All) The_MClovin: someone can give me money plz
(33:56 / All) CRIT_AND_5: LOL
(34:05 / All) CRIT_AND_6: sure blue
(34:20 / All) The_MClovin: cmon!!!!!!!!!!!!
(34:32 / Allies) rythjyrtjrey: comin
(34:34 / Allies) Secare: meet up i have mortars i need prot from his air
(34:49 / Allies) winless: b
(34:53 / Allies) rythjyrtjrey: stay tther
(34:56 / Allies) winless: wow so much for mortas
(35:06 / Allies) Secare: i lost 1 dont be a dick
(35:07 / Allies) winless: tanks inc
(35:37 / All) The_MClovin: OMG!
(35:40 / Allies) Secare: dude
(35:44 / All) The_MClovin: pink ashole I saw you
(35:51 / All) CRIT_AND_5: wtf
(35:52 / 4) CRIT_AND_5: no
(36:02 / All) CRIT_AND_6: manners please blue.
(36:31 / 5) CRIT_AND_6: no gold atm
(36:35 / 5) CRIT_AND_6: but i can hold
(36:35 / All) The_MClovin: okay just fuck this buul shit game (PINK IS A RETARD KIDS AND NOMORE HOE!!)
(36:36 / 5) CRIT_AND_6: easily
(36:43 / All) Secare: nomore hoe
(36:47 / All) Secare: what the fuck
(36:49 / All) CRIT_AND_6: LOL
(36:53 / All) CRIT_AND_5: NOMORE HOE
(36:57 / All) 1stBlackNinja: lol
(37:07 / All) Secare: is that some street talk
(37:15 / All) CRIT_AND_5: orange theres skeletons in your base
(37:18 / All) CRIT_AND_5: watch out
(37:19 / All) CRIT_AND_6: little ebonics eh
(37:26 / 5) CRIT_AND_6: wtf
(37:28 / 5) CRIT_AND_6: lolll
(37:32 / 5) CRIT_AND_6: skellie in ur base ;3
(37:49 / 5) CRIT_AND_6: i cant wait
(37:52 / 5) CRIT_AND_6: till you're the only one left
(37:54 / 5) CRIT_AND_6: and i start bsing
(38:05 / 4) CRIT_AND_5: eahheauheuaheuaheuahu
(38:40 / 4) CRIT_AND_5: morts
(38:41 / 4) CRIT_AND_5: tt
(38:41 / 5) CRIT_AND_6: who killed my animal
(38:42 / 5) CRIT_AND_6: wtf
(38:43 / 4) CRIT_AND_5: help me
(38:51 / 5) CRIT_AND_6: right now?
(38:54 / 5) CRIT_AND_6: like focus down the morts?
(39:09 / Allies) Secare: yellow
(39:11 / Allies) Secare: what the fuck
(39:21 / Allies) Secare: knock it off asshole
(39:37 / Allies) winless: yelloe wtf???
(39:42 / Allies) Secare: stop being a jerkoff
(39:43 / All) CRIT_AND_5: ACOLYTE PUNCH
(39:51 / All) CRIT_AND_6: REd lol
(41:11 / All) RoSSaReventoN: this game is wak, u guys are fukin homosexuals
(41:16 / All) CRIT_AND_6: fukin
(41:46 / All) CRIT_AND_5: pantera - cowboys from hell
(41:52 / All) CRIT_AND_6: ^^
(41:54 / All) Secare: pantera is awesome
(42:00 / All) Secare: "was"
(42:21 / All) 1stBlackNinja: its been 3vs4 all game
(42:21 / All) CRIT_AND_5: my team thinks im bad
(42:31 / All) CRIT_AND_6: Your team is a bunch of african americans then
(42:32 / All) RoSSaReventoN: because ur a fukin piece of shit
(42:44 / All) CRIT_AND_5: i think their raging
(43:24 / All) CRIT_AND_5: anyone else having troubl finding wood?
(43:26 / All) CRIT_AND_5: jesus
(44:18 / All) CRIT_AND_5: ive sucked dry 3 mines and i still am not satisfied
(44:24 / All) CRIT_AND_5: i need more gold
(45:02 / Allies) Secare: fucking niggers man
(45:14 / All) RoSSaReventoN: u guys are fukin gay
(45:20 / All) CRIT_AND_5: :(
(45:21 / Allies) winless: yellow taking over
(45:35 / Allies) rythjyrtjrey: it was all part of his plan
(45:36 / 5) CRIT_AND_6: i killed every signle building in all
(45:38 / 5) CRIT_AND_6: of their mains
(45:39 / 5) CRIT_AND_6: lol
(45:43 / 5) CRIT_AND_6: and they FINALLY
(45:44 / 5) CRIT_AND_6: realize it
(45:55 / All) RoSSaReventoN: cause hes a flaming homosexual
(47:15 / 5) CRIT_AND_6: make sure
(47:19 / 5) CRIT_AND_6: to have silence
(47:19 / 5) CRIT_AND_6: ready
(47:33 / Allies) winless: whose?`
(48:11 / Allies) Secare: hes coming
(48:28 / 5) CRIT_AND_6: actually rofl
(48:31 / 5) CRIT_AND_6: ima just gonna watch em
(48:32 / 5) CRIT_AND_6: for a bit
(48:34 / All) 1stBlackNinja: pink killed us
(48:46 / All) CRIT_AND_6: MORG WOLFSON
(50:23 / Allies) winless: gold plz for fs
(50:34 / Allies) Secare: u have an alter still?
(50:36 / Allies) winless: hes lvl 9 :P
(50:42 / Allies) winless: tav wporks
(50:45 / Allies) Secare: ah
(52:21 / All) Secare: fucking assholes
(53:16 / Allies) winless: yellow giv me som gold
(53:26 / All) CRIT_AND_5: "pink doomed us" - orange
(53:40 / All) CRIT_AND_5: yo purple
(53:42 / All) CRIT_AND_5: i cant win
(53:43 / All) CRIT_AND_5: :(
(53:48 / All) CRIT_AND_6: NO ITS NOT FINISHED
(53:49 / All) CRIT_AND_6: FUCK
(53:54 / All) winless: well u have an ally in our team idiot
(54:00 / All) winless: he killed every1 base...
(54:01 / Allies) rythjyrtjrey: i know
(54:04 / All) CRIT_AND_5: lol
(54:05 / All) CRIT_AND_6: NOO
(54:07 / All) CRIT_AND_6: ITS HALFWAY DONE
(54:11 / Allies) rythjyrtjrey: i gotta get out
(54:12 / All) CRIT_AND_5: and i let you kill all my allies bases
(54:14 / All) CRIT_AND_5: soooo
(54:15 / All) CRIT_AND_6: NOOO
(54:18 / All) CRIT_AND_6: STOP KILLING IT
(54:31 / All) CRIT_AND_6: OK WELL
(54:34 / All) CRIT_AND_5: stop it orange
(54:36 / All) CRIT_AND_6: ITS THE THOUGHT THAT COUNTS
(55:09 / All) CRIT_AND_6: MESSED UP THE HEART NIGGER
(55:10 / All) CRIT_AND_5: can i have a mine
(55:10 / 5) CRIT_AND_6: FUC KYOU
(55:18 / All) CRIT_AND_6: U WONT EVEN FIT NOW
(55:21 / All) CRIT_AND_6: STUPID NIGGER
(55:41 / Allies) rythjyrtjrey: get some aa yellw
(55:50 / Allies) winless: yellows whit him...
(55:56 / Allies) rythjyrtjrey: ?
(56:03 / Allies) winless: they have the same name...
(56:05 / Allies) winless: almost
(56:11 / Allies) rythjyrtjrey: pink and yellow
(56:13 / Allies) winless: they must do this often i guess
(56:15 / Allies) winless: oc
(56:17 / All) CRIT_AND_5: may i have that mine
(56:18 / All) CRIT_AND_5: ?
(56:21 / All) CRIT_AND_6: ofc
(56:26 / Allies) winless: look at chat lol
(56:32 / Allies) rythjyrtjrey: wtf
(56:35 / All) CRIT_AND_5: rawr dragons kill the peasants
(56:44 / Allies) rythjyrtjrey: they must b gay
(56:48 / All) CRIT_AND_6: WE ARE GAY
(56:50 / All) CRIT_AND_6: THANK YOU
(56:52 / All) CRIT_AND_5: om nom nom nom says the dragon
(56:53 / Allies) rythjyrtjrey: hahahah
(57:02 / All) CRIT_AND_6: sorry the uneven ground
(57:05 / All) CRIT_AND_6: doenst let me make the U
(57:10 / All) CRIT_AND_6: so you get half of it
(57:22 / All) CRIT_AND_6: IS THAT ACCEPTABLE?
(57:27 / All) CRIT_AND_5: yes
(58:00 / Allies) winless: get the pal
(58:08 / Allies) winless: b
(58:09 / Allies) winless: b
(58:09 / Allies) winless: b
(58:10 / Allies) winless: b
(58:16 / Allies) winless: ull get it
(58:25 / Allies) winless: lol noob ninja
(58:37 / All) CRIT_AND_5: i wanna go in low upkeep
(58:38 / All) 1stBlackNinja: slut
(58:38 / All) CRIT_AND_5: hrm
(58:52 / Allies) rythjyrtjrey: can i have gold 4 hero
(58:59 / Allies) rythjyrtjrey: 500
(59:02 / Allies) rythjyrtjrey: ty
(59:06 / Allies) winless: hey yell
(59:10 / 5) CRIT_AND_6: ye
(59:11 / Allies) winless: can i have gold too
(59:15 / 5) CRIT_AND_6: beg me
(59:16 / 5) CRIT_AND_6: quick
(59:16 / All) 1stBlackNinja: green u whore
(59:22 / Allies) winless: for heroes since i have no buildings
(59:35 / Allies) winless: hey crit
(59:36 / Allies) winless: can i have some gold
(59:43 / Allies) winless: ty
(59:54 / Allies) rythjyrtjrey: i need wood 2
(60:04 / Allies) rythjyrtjrey: and more gold
(60:11 / All) CRIT_AND_5: tking my shades for more workers
(60:12 / All) CRIT_AND_5: :P
(60:24 / All) CRIT_AND_5: what team do you think should win
(60:27 / All) CRIT_AND_5: mine or yours
(60:39 / 5) CRIT_AND_6: dunno
(60:43 / All) winless: id say us
(60:51 / All) winless: cause the rest of your team was badd
(60:56 / All) 1stBlackNinja: ofcourse u would
(61:01 / All) winless: lol ninja
(61:03 / All) winless: ur the worst
(61:08 / All) 1stBlackNinja: lol
(61:10 / All) winless: u couldve had the lich earlier
(61:12 / All) winless: ...
(61:17 / All) winless: but you fled
(61:25 / All) 1stBlackNinja: shit was dying
(61:34 / All) winless: just had to do one holy light on it
(61:42 / All) winless: your pall was shielded
(61:51 / Allies) rythjyrtjrey: they really r gay
(61:55 / Allies) winless: so what lol
(61:56 / All) 1stBlackNinja: id rather have done it on my gero
(61:56 / All) CRIT_AND_6: OK MISSHAPEN CAT FACE
(61:57 / 5) CRIT_AND_6: DONE
(61:59 / All) CRIT_AND_6: DONE
(61:59 / Allies) winless: i think its funny
(62:08 / All) CRIT_AND_6: LOlolol
(62:09 / Allies) rythjyrtjrey: yeah it is funny
(62:15 / Allies) rythjyrtjrey: idk if they gay
(62:17 / Allies) rythjyrtjrey: but wtf
(63:12 / All) CRIT_AND_5: gunna unsummon a bunch
(63:28 / All) CRIT_AND_5: where did that nigger get his hero from
(63:44 / All) CRIT_AND_5: 666 gold
(63:46 / All) CRIT_AND_5: neat
(64:03 / 5) CRIT_AND_6: keke
(64:27 / Allies) winless: repair...
(65:19 / All) CRIT_AND_5: AFTER EVERY MINE IS DRY
(65:27 / All) CRIT_AND_6: !!!!
(65:37 / All) CRIT_AND_5: and attack moving your towers
(65:48 / All) CRIT_AND_5: if your towers kill all your team wins
(65:57 / All) CRIT_AND_6: ;3
(66:01 / All) CRIT_AND_5: if my bone dragons kill all my team wins
(66:08 / All) CRIT_AND_5: fair?
(67:03 / All) CRIT_AND_5: HACKER DOWN
(67:09 / All) 1stBlackNinja: lol
(67:11 / All) CRIT_AND_6: :)
(67:24 / All) CRIT_AND_6: Green ask me nicely not to kill your hero
(67:38 / All) CRIT_AND_5: IN ALL CHAT
(67:43 / All) CRIT_AND_6: indeed.
(67:48 / All) 1stBlackNinja: hes not gonna do it
(67:56 / All) winless: why whouldnt he lol
(68:06 / All) winless: warcraft pride?
(68:06 / All) 1stBlackNinja: pride
(68:12 / All) winless: rofl no such thinf
(68:13 / All) CRIT_AND_6: RIP Ras Frostwhisper
(68:23 / All) CRIT_AND_5: RIP BALLER4LIFE
(68:40 / All) winless: lol PLZ DONT KILL MY HERO
(68:44 / All) CRIT_AND_5: i want that expo for bone dragons
(69:10 / All) CRIT_AND_5: may i have that expo for bone dragons?
(69:20 / All) CRIT_AND_6: only because you asked nicely.
(69:26 / All) CRIT_AND_5: thank you
(69:27 / All) 1stBlackNinja: sry lol
(69:34 / All) winless: no plz
(69:37 / All) winless: cmon yello
(69:40 / All) winless: ur awesome
(69:46 / All) CRIT_AND_6: tell me you love me
(69:58 / All) winless: i love you and your whole family
(69:58 / All) CRIT_AND_6: TELL ME PURPLE
(70:07 / Allies) rythjyrtjrey: HE LOVE U
(70:09 / All) CRIT_AND_6: tell me you'll suck my dick
(70:10 / All) CRIT_AND_6: tell me NOW
(70:13 / All) 1stBlackNinja: we love u
(70:14 / All) CRIT_AND_6: or hero dies.
(70:21 / All) 1stBlackNinja: lol
(70:23 / All) CRIT_AND_6: make a groaning noise
(70:27 / All) winless: mmmmmmmmmmmm
(70:29 / All) CRIT_AND_6: right now, and tell me you'll suck my dick
(70:36 / All) 1stBlackNinja: nasty
(70:40 / All) winless: and suck your PENIS
(70:43 / All) CRIT_AND_6: YEAH
(70:46 / All) CRIT_AND_6: you live for now
(70:54 / All) CRIT_AND_5: unless i kill you
(71:02 / All) CRIT_AND_6: you wouldnt hurt me
(71:07 / All) CRIT_AND_6: you cant make it THROUGH
(71:08 / All) CRIT_AND_5: not you
(71:09 / All) CRIT_AND_5: him
(71:37 / All) CRIT_AND_6: purple do you still ove me?
(71:38 / All) CRIT_AND_6: love me
(71:43 / All) winless: i still do
(71:44 / All) CRIT_AND_6: tell me what you're going to do to me
(71:47 / All) CRIT_AND_6: i want something more excting.
(71:48 / All) 1stBlackNinja: damn teal shouldve gave his resourses
(72:36 / All) CRIT_AND_6: NICE
(72:38 / All) winless: :D
(72:38 / 5) CRIT_AND_6: thanks
(72:40 / All) CRIT_AND_6: broke the U
(73:00 / 5) CRIT_AND_6: green
(73:20 / Allies) rythjyrtjrey: ty
(73:32 / All) CRIT_AND_6: purple you're going down
(73:36 / All) CRIT_AND_5: kill them if they harass my expo anymore
(73:37 / All) CRIT_AND_6: unless you really change my mind
(73:41 / All) CRIT_AND_6: if you know what i mea.
(73:43 / All) CRIT_AND_6: mean
(73:45 / All) winless: cmon yellow i love you
(73:58 / All) winless: I WOULD KILL FOR YOU
(74:05 / All) CRIT_AND_6: what would you do to me
(74:07 / All) winless: ID SUCK YOUR COCK EVERYDAY
(74:09 / All) CRIT_AND_6: tell me, go into detail
(74:16 / All) 1stBlackNinja: lol
(75:31 / All) 1stBlackNinja: damn
(77:47 / All) winless: OUCH
(78:13 / Allies) winless: cmon yellow
(78:22 / All) CRIT_AND_6: I SAID GO INTO DETAIL NIGGER
(78:23 / All) CRIT_AND_5: imma pet the stag
(78:26 / 5) CRIT_AND_6: YOU DIDNT
(78:32 / All) CRIT_AND_6: PETT THE STAG!
(78:37 / All) CRIT_AND_5: FUCKWHY DO THEY DIE EVERY TIME
(79:01 / All) CRIT_AND_6: lol green
(79:04 / All) CRIT_AND_6: 2 boots of speed
(79:09 / All) CRIT_AND_6: im chasing greens hero down
(79:11 / All) winless: soesnt change shit
(79:17 / All) CRIT_AND_6: he runs to the shop.. you'd think he'd by an invuln
(79:23 / All) CRIT_AND_6: instead buys another boots of speed.
(79:24 / All) winless: or a staff
(79:32 / All) 1stBlackNinja: lmao
(79:52 / All) winless: hey yellow feel charitable yet?
(80:14 / All) winless: where u guys from alrdy?
(80:20 / All) CRIT_AND_6: china
(80:28 / Allies) rythjyrtjrey: how u so fast
(80:30 / All) CRIT_AND_5: ^0^
(80:35 / All) CRIT_AND_6: green aks how im so fast
(80:39 / All) CRIT_AND_6: best part about chasin a dk
(80:41 / All) winless: because of YOUR AURA
(80:43 / All) CRIT_AND_6: is using his AURA TO CATCH HIM
(80:44 / All) CRIT_AND_6: LOL
(80:47 / All) CRIT_AND_6: tell me you love me
(80:51 / All) 1stBlackNinja: alrdy did lol
(80:58 / All) winless: uhoh
(81:02 / All) winless: that wasnt too nice
(81:11 / All) CRIT_AND_6: get that nigger fs back yet?
(81:15 / All) CRIT_AND_6: i wanna hunt it again
(81:22 / All) winless: hey yellow love of my life
(81:26 / All) winless: i still need 50
(81:27 / All) CRIT_AND_6: WHAT?
(81:44 / All) CRIT_AND_6: WTF
(81:44 / All) CRIT_AND_6: sh?
(81:54 / All) winless: not enough for fs
(81:59 / All) CRIT_AND_5: so this game i drained 6 mines total
(82:10 / All) CRIT_AND_6: HOW DOES THAT MAKE YOU FEEL
(82:15 / All) CRIT_AND_5: ok
(82:18 / All) CRIT_AND_6: rfol
(82:29 / All) CRIT_AND_5: i want more gold though
(82:30 / All) CRIT_AND_5: :(
(82:40 / All) winless: brb
(82:43 / All) CRIT_AND_6: 160 gold
(82:48 / All) CRIT_AND_6: top inner mine has
(82:58 / All) CRIT_AND_5: 6/18 mines
(83:00 / All) CRIT_AND_6: gonna be dangerous mining it though :)
(83:04 / All) CRIT_AND_5: could have done better...
(83:26 / All) CRIT_AND_6: orange
(83:28 / All) CRIT_AND_6: how are you
(83:37 / All) 1stBlackNinja: not bad
(83:59 / All) CRIT_AND_5: 220 gold...
(84:03 / All) CRIT_AND_5: for 160
(84:05 / All) CRIT_AND_5: hmmm
(84:16 / All) CRIT_AND_6: fine just for you
(84:18 / All) CRIT_AND_6: i clear the towers
(84:24 / All) CRIT_AND_5: k
(84:45 / All) CRIT_AND_5: ill unsummon something to make a profit on it
(84:55 / All) CRIT_AND_6: 8]
(85:43 / All) CRIT_AND_5: oops sorry
(85:47 / All) CRIT_AND_6: tt
(87:32 / All) CRIT_AND_5: wow my aco
(87:33 / All) CRIT_AND_5: wtf
(88:03 / All) CRIT_AND_5: ty
(88:09 / All) CRIT_AND_6: kek
(89:53 / All) winless: moneymoneymoney por favor
(90:02 / Allies) winless: lol almost out
(90:07 / 5) CRIT_AND_6: indeed
(90:09 / All) CRIT_AND_6: INDEED
(90:13 / All) winless: dam i was typong
(90:14 / All) CRIT_AND_5: look what you made me do purple
(90:17 / All) 1stBlackNinja: lol
(90:21 / All) CRIT_AND_5: look what you fucking made me do
(90:28 / All) winless: hope it makes you sick
(90:29 / All) CRIT_AND_5: NOW YOUR FUCKING DEAD IDIOT
(91:10 / All) 1stBlackNinja: are we it other then the 2 crits purp
(91:21 / Allies) CRIT_AND_6: how much you need
(91:23 / All) winless: yep
(91:26 / All) 1stBlackNinja: lol
(91:29 / Allies) winless: 500
(91:36 / 4) CRIT_AND_5: brb dont let them kill my shit
(91:37 / Allies) CRIT_AND_6: even if i sell all
(91:40 / Allies) CRIT_AND_6: not enough
(91:42 / All) CRIT_AND_6: lol
(91:46 / All) CRIT_AND_6: fair enough
(91:49 / Allies) winless: 400
(91:56 / All) winless: i need 850
(91:59 / Allies) CRIT_AND_6: cant
(92:01 / All) 1stBlackNinja: jesus
(92:10 / All) 1stBlackNinja: u needa akidney?
(92:17 / All) 1stBlackNinja: thats what iheard
(92:47 / Allies) CRIT_AND_6: make an altar would be cheaper?
(92:57 / Allies) CRIT_AND_6: but would it be enough?
(93:01 / Allies) winless: think so
(93:07 / Allies) winless: dont destroy it...
(93:14 / Allies) CRIT_AND_6: ^^
(93:31 / Allies) winless: thos dragond can devour right?
(93:34 / Allies) CRIT_AND_6: yes
(93:39 / Allies) winless: kk
(93:41 / Allies) CRIT_AND_6: and spell immunity
(93:44 / Allies) CRIT_AND_6: very nice things :)
(93:50 / Allies) winless: expensive
(93:54 / Allies) winless: 9 food?
(93:58 / Allies) CRIT_AND_6: 7
(94:03 / Allies) winless: not too bad
(94:07 / Allies) CRIT_AND_6: nope
(94:07 / Allies) CRIT_AND_6: erm
(94:08 / Allies) CRIT_AND_6: rmm
(94:10 / Allies) CRIT_AND_6: lemme check
(94:11 / Allies) winless: yay fs on the way
(94:13 / Allies) CRIT_AND_6: actually
(94:39 / Allies) CRIT_AND_6: 8 food actually
(94:43 / Allies) CRIT_AND_6: but well worth it
(94:43 / All) CRIT_AND_5: i only turned 11 gold profit from that mine
(94:43 / Allies) winless: kk
(94:45 / Allies) CRIT_AND_6: in every respect
(94:49 / All) 1stBlackNinja: lol
(94:51 / All) CRIT_AND_5: sigh because fucking purple
(95:01 / All) winless: ill be back soon pink
(95:05 / All) winless: cheer up
(95:08 / All) CRIT_AND_5: no you wont
(95:14 / All) CRIT_AND_6: KILL HIM!
(96:00 / All) CRIT_AND_6: NOO
(96:02 / All) CRIT_AND_6: HE GOT IT BACK
(96:04 / All) winless: haha
(96:14 / All) CRIT_AND_6: altar had like
(96:16 / All) CRIT_AND_6: 20 hp left
(96:35 / Allies) winless: cmon man
(97:13 / 4) CRIT_AND_5: brb
(97:23 / 5) CRIT_AND_6: 6_6
(99:03 / All) winless: phew
(99:06 / All) 1stBlackNinja: lol
(99:27 / All) CRIT_AND_6: WTF getting backstabbed by purple
(99:32 / All) winless: hahaha
(101:30 / All) CRIT_AND_6: orange
(101:36 / All) 1stBlackNinja: yes
(101:38 / All) CRIT_AND_6: you must kill my towers
(101:57 / All) 1stBlackNinja: why must i do it
(102:05 / All) CRIT_AND_6: do it or pay the god damn price.
(102:12 / All) 1stBlackNinja: lol
(102:41 / All) CRIT_AND_6: thatta byo
(102:42 / All) CRIT_AND_6: boy
(102:52 / All) CRIT_AND_6: how didyou die to
(102:55 / All) CRIT_AND_6: afk frost wyrms
(102:56 / All) CRIT_AND_5: enjoy death
(102:56 / All) CRIT_AND_6: tt
(102:59 / All) CRIT_AND_6: oh nvm
(105:11 / All) CRIT_AND_6: who wants the win more
(105:13 / All) CRIT_AND_6: orange or purple
(105:17 / Allies) winless: cmon yellow finish him
(105:18 / All) CRIT_AND_5: what do you think your doing purple
(105:19 / All) 1stBlackNinja: i need
(105:21 / All) CRIT_AND_6: in once sentence and ONE SENTENCE ONLY
(105:26 / All) CRIT_AND_6: sum up why YOU think you should get the win
(105:30 / All) CRIT_AND_6: you have once sentence
(105:34 / All) CRIT_AND_6: dont fuck it up
(105:42 / All) CRIT_AND_6: give a heartfelt reason
(105:46 / All) winless: I deserve to win more because i have shown my love to both of you crits warcraft3 geniuses
(106:00 / All) CRIT_AND_6: good, good. let's see what orange has to say.
(106:28 / All) 1stBlackNinja: I think I deserve the win cause i didnt backstab and I love u both
(106:34 / All) CRIT_AND_6: hrmm, tough decision
(106:44 / All) CRIT_AND_6: let me think about this for a minute or four
(106:52 / All) CRIT_AND_5: well we are warcraft geinuses
(107:07 / All) 1stBlackNinja: thats a given
(107:08 / All) CRIT_AND_6: What do you think
(107:15 / All) CRIT_AND_6: well, you both get on redeemer
(107:17 / All) CRIT_AND_6: if you wanna use it
(107:20 / All) CRIT_AND_6: to make another sentence
(107:24 / All) CRIT_AND_6: either want to?
(107:33 / All) winless: what redeemer?
(107:34 / All) 1stBlackNinja: I will
(107:37 / All) CRIT_AND_6: k
(107:40 / All) CRIT_AND_6: you both get a new chance
(107:45 / All) CRIT_AND_6: at one sentence
(107:49 / All) CRIT_AND_6: to win us over
(107:50 / All) CRIT_AND_6: go ahead
(108:12 / All) 1stBlackNinja: I have sweat and slaved for u and woulda taken a bullet
(108:21 / All) CRIT_AND_6: damn, deep and intense.
(108:40 / All) CRIT_AND_5: i think orange should win now
(108:52 / Allies) winless: I lost my personal dignity as a human being for you too, just go up chat...
(108:58 / All) CRIT_AND_6: lol.
(109:03 / 5) CRIT_AND_6: ofofl
(109:04 / 5) CRIT_AND_6: roflrorofl
(109:23 / All) CRIT_AND_6: ok here's what im going to do
(109:30 / All) CRIT_AND_6: im going to make both my big dragon
(109:34 / All) CRIT_AND_5: i didnt see purples sentence
(109:39 / All) CRIT_AND_6: start on each side of the map
(109:49 / All) CRIT_AND_6: purple say it again in all chat
(110:09 / All) winless: I lost my dignity as a human being for you too, just go up in chat...
(110:21 / All) 1stBlackNinja: damn
(110:26 / All) CRIT_AND_6: you did suck my dick and moan
(110:27 / All) 1stBlackNinja: he deserves it
(110:47 / All) CRIT_AND_6: hrm
(110:49 / All) CRIT_AND_6: pinks call
(110:57 / All) CRIT_AND_6: that's a given. of course he did.
(111:03 / All) CRIT_AND_5: hmm
(111:08 / All) CRIT_AND_5: purple gets win
(111:12 / All) CRIT_AND_6: ok
(111:15 / All) CRIT_AND_6: orange, you
(111:18 / All) CRIT_AND_6: you're a good sport
(111:26 / All) 1stBlackNinja: ty sir
(111:37 / All) CRIT_AND_5: suicide run
(111:39 / All) CRIT_AND_6: i hope this has been an learning experience for all of you
(111:43 / All) CRIT_AND_6: tell me something you learned
(111:57 / All) 1stBlackNinja: lol
(111:58 / All) CRIT_AND_5: 1 dragon down
(112:06 / All) CRIT_AND_6: NOT FOR LONG
(112:18 / All) 1stBlackNinja: lifes a garden dig it
(112:24 / All) CRIT_AND_6: purple did you learn anything?
(112:53 / All) winless: i learned to respect the strongest
(112:58 / All) CRIT_AND_6: indeed.
(113:10 / All) 1stBlackNinja: purp u sure do kiss alot ass
(113:15 / All) CRIT_AND_6: Lol
(113:22 / All) 1stBlackNinja: is yellows ass still in ur face
(113:41 / All) winless: devour dude
(113:42 / All) CRIT_AND_6: it was my dick in his mouse, thank you.
(113:48 / All) 1stBlackNinja: lmso
(113:55 / All) CRIT_AND_6: you cant devour air ;p
(114:00 / All) winless: oh
(114:09 / All) 1stBlackNinja: this has been an experience
(114:09 / 5) CRIT_AND_6: hi
(114:12 / 4) CRIT_AND_5: hi
(114:15 / 5) CRIT_AND_6: ;3
(114:17 / 5) CRIT_AND_6: fun game
(114:20 / 4) CRIT_AND_5: yes
(114:24 / 4) CRIT_AND_5: wanna do it again?
(114:27 / 5) CRIT_AND_6: lol
(114:33 / All) 1stBlackNinja: u guys are funny
(114:34 / 5) CRIT_AND_6: i need lunch if you'll give me a bit of time to cook and such.
(114:37 / All) winless: ye
(114:40 / 4) CRIT_AND_5: yup sure
(114:44 / 5) CRIT_AND_6: ;33
(114:45 / All) CRIT_AND_5: only one zig left
(114:47 / All) CRIT_AND_5: :(
(114:53 / All) CRIT_AND_6: shall i do the honours?
(114:55 / All) CRIT_AND_6: actually no orange
(114:58 / All) CRIT_AND_6: come to that zig
(115:03 / All) CRIT_AND_6: i want you
(115:05 / All) 1stBlackNinja: ill do it
(115:07 / All) CRIT_AND_6: to kill yourself off
(115:11 / All) CRIT_AND_6: ill meet you there
(115:21 / All) 1stBlackNinja: dont kill me
(115:26 / All) CRIT_AND_6: i wouldnt consider it
(115:32 / All) CRIT_AND_6: with every swing on the zig
(115:41 / All) CRIT_AND_6: i want you to feel
(115:47 / All) 1stBlackNinja: lol
(115:47 / All) CRIT_AND_6: feel the empowerment
(115:52 / All) CRIT_AND_5: better hurry im finishing your base
(116:14 / All) CRIT_AND_5: cheat.
(116:16 / All) 1stBlackNinja: had fun
(116:16 / All) CRIT_AND_5: PAUSE AND REFLECT ORANGE
(116:20 / All) CRIT_AND_5: WHY DID YOU LOSE?
(116:22 / All) CRIT_AND_6: LOL
(116:28 / All) winless: haha
(116:32 / All) CRIT_AND_6: orange why did you lose
(116:35 / All) CRIT_AND_6: any last words?
(116:36 / All) 1stBlackNinja: cause its just a game
(116:46 / All) CRIT_AND_6: do it.
(116:47 / All) CRIT_AND_6: swing
(116:49 / All) CRIT_AND_5: we are gods of rt